 Dungeon Crawl Stone Soup version 0.24-a0-493-g7e4ddcd (webtiles) character file.

Game seed: 10663419302998400539

110 Fortuna the Sneak (level 4, 0/41 HPs)
             Began as a Gnoll Wanderer on July 12, 2019.
             Succumbed to a worker ant's poison
             ... on level 4 of the Dungeon.
             The game lasted 00:10:03 (2701 turns).

Fortuna the Sneak (Gnoll Wanderer)                  Turns: 2701, Time: 00:10:04

Health: 0/41       AC:  6    Str: 13    XL:     4   Next: 91%
Magic:  5/5        EV: 10    Int: 18    God:
Gold:   141        SH:  0    Dex: 13    Spells: 5/5 levels left

rFire    . . .     SeeInvis +   a - +0 falchion
rCold    . . .     Gourm    .   (no shield)
rNeg     . . .     Faith    .   p - +0 ring mail
rPois    .         Spirit   .   (no helmet)
rElec    .         Reflect  .   o - +0 cloak
rCorr    .         Harm     .   (no gloves)
MR       .....                  (no boots)
Stlth    +++.......             (no amulet)
HPRegen  0.13/turn              j - ring of see invisible
MPRegen  0.09/turn              (no ring)

@: lethally poisoned (0 -> -8), flying
A: distributed training, fangs 1, strong nose
a: no special abilities


You were on level 4 of the Dungeon.
You were not hungry.

You visited 1 branch of the dungeon, and saw 4 of its levels.

You collected 141 gold pieces.

Inventory:

Hand Weapons
 a - a +0 falchion (weapon)
 m - a +1 dagger of freezing
 s - a +0 hunting sling
Missiles
 r - 26 stones (quivered)
Armour
 d - a +0 robe
 o - a +0 cloak (worn)
 p - a +0 ring mail (worn)
Jewellery
 j - a ring of see invisible (left hand)
Scrolls
 b - 2 scrolls of blinking
 g - 7 scrolls of identify
 i - 3 scrolls of enchant weapon
 t - a scroll of enchant armour {unknown}
Potions
 c - a potion of lignification
 e - a potion of might {unknown}
 h - a potion of flight
 k - a potion of haste {unknown}
 n - 2 potions of resistance
 q - a potion of berserk rage {unknown}
Comestibles
 f - 10 rations


   Skills:
 + Level 6.6 Fighting
 + Level 1.2 Short Blades
 + Level 2.8 Long Blades
 + Level 1.2 Axes
 + Level 1.2 Maces & Flails
 + Level 1.2 Polearms
 + Level 1.2 Staves
 + Level 1.2 Slings
 + Level 1.2 Bows
 + Level 1.2 Crossbows
 + Level 1.2 Throwing
 + Level 1.2 Armour
 + Level 1.2 Dodging
 + Level 7.9 Stealth
 + Level 1.2 Shields
 + Level 4.7 Unarmed Combat
 + Level 1.2 Spellcasting
 + Level 1.0 Conjurations
 + Level 1.0 Hexes
 + Level 1.0 Charms
 + Level 1.0 Summonings
 + Level 1.0 Necromancy
 + Level 1.0 Translocations
 + Level 1.0 Transmutations
 + Level 1.0 Fire Magic
 + Level 1.0 Ice Magic
 + Level 1.0 Air Magic
 + Level 1.0 Earth Magic
 + Level 1.0 Poison Magic
 + Level 1.4 Invocations
 + Level 1.2 Evocations


You had 5 spell levels left.
You didn't know any spells.
Your spell library was empty.

Dungeon Overview and Level Annotations

Branches:
Dungeon (4/15)
 Temple: D:4-7

Altars:
Elyvilon


Innate Abilities, Weirdness & Mutations

Your experience applies equally to all skills.
You have very sharp teeth.
Your uncanny sense of smell can sniff out nearby items.


Message History

The worker ant is severely wounded.
* * * LOW HITPOINT WARNING * * *
You feel sick. The worker ant bites you.
* * * LOW HITPOINT WARNING * * *
Unknown command.
It was a potion of flight.
You feel very buoyant.
You fly up into the air.
* * * LOW HITPOINT WARNING * * *
You feel sick. The worker ant completely misses you.
You hit the worker ant but do no damage.
The worker ant is severely wounded.
* * * LOW HITPOINT WARNING * * *
You feel sick.
The worker ant bites you but does no damage.
The worker ant bites you.
* * * LOW HITPOINT WARNING * * *
You barely miss the worker ant.
The worker ant is severely wounded.
You die...

....#. ..
...... #.#
...... ##..#
...?..###....
............
..........#
#.....# #a##
##@######.#
#.....(..#
#...####.
##.## #<#
#...# #....#
.......
.........


You could see a worker ant.

Vanquished Creatures
  An adder (D:2)
  A gnoll (D:2)
  2 oozes (D:1)
  A worm (D:2)
  3 dart slugs
  4 orcs (D:3)
  A giant cockroach (D:1)
  4 goblins
  8 hobgoblins
  10 jackals
  3 quokkas
  A ball python (D:3)
  8 bats
  3 frilled lizards
  7 kobolds
  7 rats
64 creatures vanquished.

Notes
Turn   | Place    | Note
-------+----------+-------------------------------------------
     0 | D:1      | Fortuna the Gnoll Wanderer began the quest for the Orb.
     0 | D:1      | Fortuna set off with the following items: a +0 falchion, 2
                  | scrolls of blinking, a potion of lignification, a +0 robe,
                  | a +0 dagger, a ration
     0 | D:1      | Reached XP level 1. HP: 23/23 MP: 1/1
    54 | D:1      | Reached XP level 2. HP: 29/29 MP: 2/2
   426 | D:1      | Reached XP level 3. HP: 28/35 MP: 3/3
   962 | D:1      | Reached skill level 1 in Invocations
  1454 | D:2      | Reached skill level 1 in Short Blades
  1454 | D:2      | Reached skill level 1 in Axes
  1454 | D:2      | Reached skill level 1 in Maces & Flails
  1454 | D:2      | Reached skill level 1 in Polearms
  1454 | D:2      | Reached skill level 1 in Staves
  1454 | D:2      | Reached skill level 1 in Slings
  1454 | D:2      | Reached skill level 1 in Bows
  1454 | D:2      | Reached skill level 1 in Crossbows
  1454 | D:2      | Reached skill level 1 in Throwing
  1454 | D:2      | Reached skill level 1 in Armour
  1454 | D:2      | Reached skill level 1 in Dodging
  1454 | D:2      | Reached skill level 1 in Shields
  1454 | D:2      | Reached skill level 1 in Spellcasting
  1454 | D:2      | Reached skill level 1 in Evocations
  1529 | D:2      | Reached XP level 4. HP: 38/41 MP: 5/5
  1681 | D:2      | Found a white marble altar of Elyvilon.
  1956 | D:2      | Reached skill level 1 in Conjurations
  1956 | D:2      | Reached skill level 1 in Hexes
  1956 | D:2      | Reached skill level 1 in Charms
  1956 | D:2      | Reached skill level 1 in Summonings
  1956 | D:2      | Reached skill level 1 in Necromancy
  1956 | D:2      | Reached skill level 1 in Translocations
  1956 | D:2      | Reached skill level 1 in Transmutations
  1956 | D:2      | Reached skill level 1 in Fire Magic
  1956 | D:2      | Reached skill level 1 in Ice Magic
  1956 | D:2      | Reached skill level 1 in Air Magic
  1956 | D:2      | Reached skill level 1 in Earth Magic
  1956 | D:2      | Reached skill level 1 in Poison Magic
  2700 | D:4      | HP: 2/41 [poisoned by a worker ant]
  2701 | D:4      | Succumbed to a worker ant's poison

Levels and vault maps discovered:
D:1:      saegor_arrival_simple_d, layout_rooms, minivault_19,
          hangedman_glass_teeth
D:2:      layout_rooms, lemuel_crystal_altar, first_ration, moated_statue,
          cheibrodos_gnoll_hut
D:3:      layout_basic, palyth_stone_intersect
D:4:      layout_layer_cave, overflow_temple_1_default, serial_shops,
          shop_statue, nrook_mini_backslash, serial_park_tiny_2

Skill      XL: |  1  2  3  4 |
---------------+-------------+-----
Invocations    | 1 |  1.4
Short Blades   | 1 |  1.2
Axes           | 1 |  1.2
Maces & Flails | 1 |  1.2
Polearms       | 1 |  1.2
Staves         | 1 |  1.2
Slings         | 1 |  1.2
Bows           | 1 |  1.2
Crossbows      | 1 |  1.2
Throwing       | 1 |  1.2
Armour         | 1 |  1.2
Dodging        | 1 |  1.2
Shields        | 1 |  1.2
Spellcasting   | 1 |  1.2
Evocations     | 1 |  1.2
Conjurations   | 1 |  1.0
Hexes          | 1 |  1.0
Charms         | 1 |  1.0
Summonings     | 1 |  1.0
Necromancy     | 1 |  1.0
Translocations | 1 |  1.0
Transmutations | 1 |  1.0
Fire Magic     | 1 |  1.0
Ice Magic      | 1 |  1.0
Air Magic      | 1 |  1.0
Earth Magic    | 1 |  1.0
Poison Magic   | 1 |  1.0
Fighting       | |  6.6
Long Blades    | |  2.8
Stealth        | |  7.9
Unarmed Combat | |  4.7

Action                   |  1- 3 |  4- 6 || total
-------------------------+-------+-------++-------
Melee: Falchion          |   124 |    18 ||   142
       Punch             |     4 |     2 ||     6
       Bite              |     8 |     6 ||    14
       Dagger            |     3 |    48 ||    51
       Hunting sling     |       |     2 ||     2
 Fire: Hunting sling     |       |    21 ||    21
  Use: Scroll            |       |     3 ||     3
       Potion            |       |     1 ||     1
 Stab: Sleeping          |     7 |     4 ||    11
  Eat: Chunk             |     2 |     4 ||     6
Armor: Robe              |    32 |     6 ||    38
       Ring mail         |       |    18 ||    18
Dodge: Dodged            |    93 |    35 ||   128
       Rpst.: Falchion   |    26 |     3 ||    29

Table legend:
 A = Non-vault XP
 B = Vault XP
 C = Vault XP percentage of total XP
 D = Non-vault monster count
 E = Vault monster count
 F = Vault count percentage of total count
                 A         B        C        D         E       F
            +---------+---------+-------+---------+---------+-------
      Total |     140 |      18 |  11.4 |      61 |       3 |   4.7
            +---------+---------+-------+---------+---------+-------
        D:1 |      73 |       0 |   0.0 |      33 |       0 |   0.0
        D:2 |      43 |      18 |  29.5 |      17 |       3 |  15.0
        D:3 |      24 |       0 |   0.0 |      11 |       0 |   0.0
            +---------+---------+-------+---------+---------+-------
